 Seeded DCSS version 0.30-a0-1066-g63dfefce0d (webtiles) character file.

Game seed: 13020561292390072626 (custom seed)

51 Pimp the Firebug (level 3, -1/24 HPs)
             Began as a Demonspawn Fire Elementalist on Apr 12, 2023.
             Killed from afar by Natasha (6 damage)
             ... with a magic dart
             ... on level 2 of the Dungeon.
             The game lasted 00:02:59 (1362 turns).

Pimp the Firebug (Demonspawn Fire Elementalist)     Turns: 1362, Time: 00:03:00

Health: -1/24      AC:  2    Str:  8    XL:     3   Next: 58%
Magic:  5/6        EV: 12    Int: 18    God:
Gold:   35         SH:  0    Dex: 15    Spells: 3/6 levels left

rFire   + . .      SeeInvis .    d - staff of fire
rCold   . . .      Faith    .    (no shield)
rNeg    . . .      Spirit   .    a - +0 robe
rPois   .          Reflect  .    (no helmet)
rElec   .          Rampage  .    (no cloak)
rCorr   .                        (no gloves)
Will    .....                    (no boots)
Stlth   +++                      (no amulet)
HPRegen 0.24/turn                p - ring of wizardry
MPRegen 0.20/turn                (no ring)

@: no status effects
A: thin skeletal structure 1, magic regeneration
a: no special abilities


You were on level 2 of the Dungeon.
You visited 1 branch of the dungeon, and saw 2 of its levels.

You collected 35 gold pieces.

Inventory:

Hand Weapons
 c - a +0 dagger of chaos
Armour
 a - a +0 robe (worn)
 q - a +1 leather armour
Magical Staves
 d - a staff of fire (weapon)
Jewellery
 p - a ring of wizardry (left hand)
Potions
 b - a potion of magic
 f - 2 potions of might {unknown}
 j - 2 potions of cancellation {unknown}
 n - a potion of mutation {unknown}
 o - a potion of heal wounds {unknown}


   Skills:
 + Level 2.2 Dodging
 + Level 2.3 Stealth
 + Level 2.4 Spellcasting
 + Level 1.7 Conjurations
 + Level 3.1 Fire Magic


You had 3 spell levels left.
You knew the following spells:

 Your Spells              Type           Power      Damage    Failure   Level
a - Foxfire               Conj/Fire      64%        2x1d7     2%          1
b - Scorch                Fire           38%        2d6       3%          2

Your spell library contained the following spells:

 Spells                   Type           Power      Damage    Failure   Level
 Inner Flame              Hex/Fire       11%        N/A       12%         3
 Volatile Blastmotes      Fire/Tloc      22%        2d11      12%         3
 Flame Wave               Conj/Fire      16%        2d7       26%         4


Dungeon Overview and Level Annotations

Branches:
Dungeon (2/15)

Altars:

Annotations:
D:2 Natasha


Innate Abilities, Weirdness & Mutations

You have a somewhat thin skeletal structure. (Dex +2, Stealth+)
You regenerate magic rapidly.


Message History

You don't know that spell.
Natasha casts a spell.
Natasha mumbles some strange words.
Natasha casts a spell.
The cerulean imp hits you from afar with a +1 spear.
The cerulean imp hits you from afar with a +1 spear.
The cerulean imp completely misses you.
The cerulean imp hits you from afar with a +1 spear.
The cerulean imp disappears in a puff of smoke!
The cerulean imp hits you from afar with a +1 spear.
The cerulean imp disappears in a puff of smoke!
Natasha wildly gestures.
You feel troubled.
Things that are here:
a +0 dagger; a goblin skeleton Natasha howls an incantation.
Natasha's front paws start to glow.
Natasha mumbles some strange words.
Natasha shimmers violently.
Natasha attacks as you move away! Natasha closely misses you.
Casting: Foxfire (safe; 2% risk of failure)
Confirm with . or Enter, or press ? or * to list all spells.
You don't know that spell.
Casting: Foxfire (safe; 2% risk of failure)
Confirm with . or Enter, or press ? or * to list all spells.
You feel a surge of power!
You conjure some foxfire!
Natasha claws you but does no damage.
Your foxfire dissipates!
The foxfire hits Natasha but does no damage.
Natasha is lightly wounded.
Casting: Foxfire (safe; 2% risk of failure)
Confirm with . or Enter, or press ? or * to list all spells.
You don't know that spell.
You hit Natasha.
Natasha is moderately wounded.
Natasha claws you!
* * * LOW HITPOINT WARNING * * *
Natasha stares at you and mumbles some strange words.
The magic dart hits you.
You die...

#.#
#.........).#
#.#
#.###########
#.# #.# #.#
#.# #.# #.#
#.# #.# #.#
#.# #.# #.#
##### #.#
#@######...#
#.#
#§h......#.#
#.#
########...#
#.#########
##.##
#<........#
#.#
#########.#
#)# #.#
#.########
#.#
#.##......
#.#
#.....5...


You could see Natasha.

Vanquished Creatures
  Natasha (D:2)
  An adder (D:2)
  A dart slug (D:1)
  An endoplasm (D:1)
  3 goblins
  2 hobgoblins (D:1)
  2 kobolds
  3 ball pythons
  A bat (D:1)
  A frilled lizard (D:1)
  A rat (D:1)
17 creatures vanquished.

Vanquished Creatures (others)
  39 foxfires
39 creatures vanquished.

Grand Total: 56 creatures vanquished

Notes
Turn   | Place    | Note
-------+----------+-------------------------------------------
     0 | D:1      | Pimp the Demonspawn Fire Elementalist began the quest for
                  | the Orb.
     0 | D:1      | Reached XP level 1. HP: 13/13 MP: 3/3
    35 | D:1      | Identified a scroll of acquirement
    35 | D:1      | Acquired a staff of fire
   375 | D:1      | Gained mutation: You have a somewhat thin skeletal
                  | structure. (Dex +2, Stealth+) [demonic ancestry]
   375 | D:1      | Reached XP level 2. HP: 19/19 MP: 1/5
   892 | D:2      | Noticed Natasha
   901 | D:2      | Killed Natasha
   902 | D:2      | Reached skill level 3 in Fire Magic
   902 | D:2      | Gained mutation: You regenerate magic rapidly. [demonic
                  | ancestry]
   902 | D:2      | Reached XP level 3. HP: 16/24 MP: 1/6
  1121 | D:2      | Learned a level 2 spell: Scorch
  1322 | D:2      | Noticed Natasha
  1362 | D:2      | Killed from afar by Natasha

Illustrated notes

Levels and vault maps discovered:
D:1:      lightli_arrival_lavapool, layout_basic
D:2:      layout_loops_ring, uniq_natasha

Skill      XL: |  1  2 |
---------------+-------+-----
Stealth        | 2 |  2.3
Dodging        | 2 |  2.2
Fire Magic     | 3 |  3.1
Spellcasting   | |  2.4
Conjurations   | |  1.7

Action                     || total
---------------------------++-------
  Melee: Staff             ||    25
   Cast: Foxfire           ||    28
    Use: Scroll            ||     8
   Stab: Sleeping          ||     2
 Armour: Robe              ||     6
  Dodge: Dodged            ||    30

Table legend: (Time is in decaauts)
 A = Elapsed time spent in this place.
 B = Non-inter-level travel time spent in this place.
 C = Inter-level travel time spent in this place.
 D = Time resting spent in this place.
 E = Time spent auto-exploring this place.
 F = Levels seen in this place.
 G = Mean time per level.
                   A        B        C        D        E       F      G
               +--------+--------+--------+--------+--------+-----+--------+
         Total |   1365 |   1341 |     24 |    303 |    782 |   2 |  682.5 |
       Dungeon |   1365 |   1341 |     24 |    303 |    782 |   2 |  682.5 |
               +--------+--------+--------+--------+--------+-----+--------+

Top non-repeatable levels by time:
     D:1: 862 daAuts
     D:2: 502 daAuts
